 Dungeon Crawl Stone Soup version 0.27-a0-906-g0a00ce863d (webtiles) character file.

Game seed: 6498371351692247822

18589 porpoise the Geomancer (level 12, -5/94 HPs)
             Began as a Demigod Earth Elementalist on Apr 8, 2021.
             Slain by a redback (27 damage)
             ... in a Gauntlet.
             The game lasted 01:07:16 (17015 turns).

porpoise the Geomancer (DgEE)                      Turns: 17015, Time: 01:07:16

Health: -5/94      AC: 10    Str: 13    XL:     12   Next: 2%
Magic:  9/26       EV: 15    Int: 31    God:
Gold:   323        SH:  0    Dex: 14    Spells: 16/25 levels left

rFire    + . .     SeeInvis .   a - staff of earth
rCold    . . .     Faith    .   (no shield)
rNeg     + + .     Spirit   .   x - +2 robe {rN+}
rPois    .         Reflect  .   (no helmet)
rElec    .         Harm     .   (no cloak)
rCorr    .         Rampage  .   (no gloves)
Will     +....     NoTele   +   m - +1 pair of boots
Stlth    +++.......             G - amulet of magic regeneration
HPRegen  0.25/turn              J - ring of protection from fire
MPRegen  0.45/turn              Q - ring "Fehoc" {Drain rN+ AC+4 Int+2}

@: no status effects
A: high mp 1, forlorn
a: no special abilities


You were in a Gauntlet.
You visited 2 branches of the dungeon, and saw 12 of its levels.
You also visited: Gauntlet.

You collected 422 gold pieces.
You spent 99 gold pieces at shops.

Inventory:

Hand Weapons
 b - the +8 hand crossbow of Ocsin {flame, Int+8}
   (You found it on level 6 of the Dungeon)

   It causes projectiles fired from it to burn those they strike, causing extra
   injury to most foes and up to half again as much damage against particularly
   susceptible opponents.
   It affects your intelligence (+8).
 y - a +0 hunting sling
 D - the +6 broad axe "Jellyslayer" {vorpal, rElec rF+}
   (You found it on level 7 of the Dungeon)

   It inflicts extra damage upon your enemies.
   It protects you from fire.
   It insulates you from electricity.
Missiles
 e - 149 stones
 k - 50 sling bullets
 n - 2 curare-tipped darts
 o - 22 boomerangs
 s - 19 bolts
 B - 2 javelins
 K - 7 poisoned darts
Armour
 m - a +1 pair of boots (worn)
 x - a +2 robe of positive energy (worn)
 C - a +1 leather armour of fire resistance
 H - a +0 troll leather armour
Magical Staves
 a - a staff of earth (weapon)
Jewellery
 c - a ring of wizardry
 j - a ring of see invisible
 A - a ring of willpower
 G - an amulet of magic regeneration (around neck)
 J - a ring of protection from fire (left hand)
 N - a +6 ring of dexterity
 Q - the ring "Fehoc" (right hand) {Drain rN+ AC+4 Int+2}
   (You found it in a Gauntlet)

   [ring of protection]

   It affects your AC (+4).
   It affects your intelligence (+2).
   It protects you from negative energy.
   It drains your maximum health when unequipped.
Wands
 t - a wand of acid (10)
 u - a wand of paralysis (6)
 w - a wand of polymorph (6)
 I - a wand of flame (18)
Scrolls
 d - 4 scrolls of teleportation
 f - a scroll of magic mapping {unknown}
 g - a scroll of identify
 l - a scroll of blinking
 v - a scroll of enchant armour
 E - a scroll of fear {unknown}
 F - a scroll of vulnerability {unknown}
 L - a scroll of holy word {unknown}
 O - a scroll of torment {unknown}
 R - a scroll of fog {unknown}
Potions
 h - a potion of magic
 p - 2 potions of haste
 q - a potion of might
 r - 3 potions of brilliance
 z - 2 potions of flight
 M - 3 potions of ambrosia
 P - a potion of invisibility


   Skills:
 - Level 5.0 Fighting
 - Level 5.0 Armour
 - Level 7.0 Dodging
 - Level 5.0 Stealth
 - Level 7.0 Spellcasting
 - Level 7.0 Conjurations
 - Level 0.8 Transmutations
 + Level 10.7 Earth Magic
 - Level 5.0 Evocations


You had 16 spell levels left.
You knew the following spells:

 Your Spells              Type           Power      Damage    Failure   Level
a - Sandblast             Erth           100%       2d20      1%          1
b - Stone Arrow           Conj/Erth      100%       3d13      1%          3
c - Lee's Rapid Deconstr  Erth           43%        3d22*     1%          5

Your spell library contained the following spells:

 Spells                   Type           Power      Damage    Failure   Level
 Passwall                 Tmut/Erth      52%        N/A       1%          2
 Beastly Appendage        Tmut           32%        N/A       3%          1
 Animate Skeleton         Necr           20%        N/A       4%          1
 Apportation              Tloc           20%        N/A       4%          1
 Corona                   Hex            11%        N/A       4%          1
 Summon Small Mammal      Summ           40%        N/A       4%          1
 Wereblood                Tmut           16%        N/A       4%          2
 Petrify                  Tmut/Erth      63%        N/A       4%          4
 Spider Form              Tmut/Pois      6%         N/A       11%         3
 Ice Form                 Ice/Tmut       13%        N/A       36%         4
 Hydra Form               Tmut           8%         N/A       65%         5


Dungeon Overview and Level Annotations

Branches:
Dungeon (11/15)            Temple (1/1) D:4             Orc (0/2) D:10
Gauntlet (1/1)
   Lair: D:8-11

Shops:
D:5 *[

Annotations:
Gauntlet 9 transporters, 2 runed translucent doors, exclusions: oklob plant and orange crystal statue


Innate Abilities, Weirdness & Mutations

Your attributes grow dramatically as you level up.
You have an increased reservoir of magic. (+10% MP)
You shall have no god before yourself.


Message History

The blast of rock fragments hits the moth of wrath!!
You kill the moth of wrath!
You feel extremely sick. The redback bites you!!
You are lethally poisoned!
The redback poisons you! The redback misses you.
Casting: Lee's Rapid Deconstruction (dangerous; 1% risk of failure)
Confirm with . or Enter, or press ? or * to list all spells.
Aiming: Stone Arrow (safe; 1% risk of failure)
Press: ? - help, Shift-Dir - straight line, f - redback
Aim: a redback (berserk, 28% to evade)
You feel a surge of power!
The stone arrow hits the redback!!
The redback is heavily wounded.
* * * LOW HITPOINT WARNING * * *
You feel extremely sick. The redback bites you!
* * * LOW HITPOINT WARNING * * *
You are more poisoned.
The redback poisons you! The redback bites you.
* * * LOW HITPOINT WARNING * * *
The redback closely misses you.
You feel better.
The redback bites you but does no damage. x2
Aiming: Paralyse
Press: ? - help, Shift-Dir - straight line, f/p - redback
Aim: a redback (heavily wounded, berserk, chance to affect: 61%)
Okay, then.
Unknown command.
Casting: Stone Arrow (safe; 1% risk of failure)
Confirm with . or Enter, or press ? or * to list all spells.
Aiming: Sandblast (safe; 1% risk of failure)
Press: ? - help, Shift-Dir - straight line, f/p - redback
Aim: a redback (heavily wounded, berserk, 20% to evade)
You feel a surge of power!
The blast of sand misses the redback.
The redback barely misses you. The redback bites you.
* * * LOW HITPOINT WARNING * * *
You are lethally poisoned!
The redback poisons you!
You feel better. The redback bites you!!
You die...

#.#.PP.P....##..##.=#...P.#.©
#.#.#≈#≈#P..#b##..###.....#..
#.#.≈≈≈≈≈...#########.....#.©
#©#.#≈#≈#P♣............∩..#..
#.#.≈≈≈≈≈.P.#########.....#.©
#.#.#≈#≈#P..#......s#.....#..
#.#.PPPPP...#.8.#.#.#.....#.©
#.#..P♣P..###......!#..P♣.#..
#.#.......#©#.8.@.#©#.P...#.♣
#.#########.#...s..?#.♣..##..
#.#..8#8..#.#.⌠.#.#=#...##
#.#...8...#.#.......#...≈##
#.#8.8†8..#.#########...≈≈#
#©##8.©.8©#©#.........♣.≈##
###8.8.8..#.#########...##
..#...8...#.#hER....#...≈##
..#..8#8..#.#○####.h#.P.≈≈#


You could see an efreet, a fire elemental, a hell hound, a redback (berserk) and
a fire bat.

Vanquished Creatures
  A hydra (D:9)
  Harold (D:7)
  A two-headed ogre (D:9)
  A death knight (D:9)
  A centaur warrior (D:9)
  A tengu warrior (D:9)
  A fire crab (Gauntlet)
  2 deep elf pyromancers (D:9)
  A cyclops (D:9)
  Maurice (D:8)
  A moth of wrath (Gauntlet)
  A torpor snail (Gauntlet)
  A komodo dragon (D:7)
  A queen bee (shapeshifter) (D:9)
  2 trolls
  A hornet (D:10)
  24 yaks
  3 redbacks (Gauntlet)
  A wyvern (D:7)
  A steam dragon (D:7)
  3 fire bats (Gauntlet)
  A vampire mosquito (D:9)
  Grum (D:8)
  4 acid dragons
  2 water moccasins
  Duvessa (D:6)
  3 ice beasts
  A sky beast (D:6)
  7 orc warriors
  3 black bears
  A centaur (D:5)
  A necrophage (D:5)
  4 ogres
  4 wolves (D:7)
  2 phantoms
  A bullfrog (D:9)
  A kobold brigand (D:9)
  A gnoll sergeant (D:5)
  2 scorpions
  A wyvern zombie (D:6)
  Dowan (D:6)
  7 killer bees
  13 wights
  7 electric eels (D:7)
  2 centaur zombies
  A gnoll shaman (D:4)
  2 orc priests (D:10)
  2 bullfrog skeletons
  4 jellies
  2 centaur skeletons
  Ijyb (D:3)
  2 iguanas
  14 orc wizards
  A centaur simulacrum (D:9)
  4 howler monkey zombies
  12 gnolls
  6 adders
  A shadow imp (D:5)
  2 white imps (D:7)
  An ufetubus (D:7)
  4 worms
  2 dart slugs
  53 orcs
  7 endoplasms
  3 giant cockroaches
  16 goblins
  5 hobgoblins
  6 jackals
  4 kobolds
  4 quokkas
  5 ball pythons
  4 bats
  A frilled lizard (D:1)
  9 rats
299 creatures vanquished.

Vanquished Creatures (others)
  A fungus (Gauntlet)
  3 plants (Gauntlet)
4 creatures vanquished.

Grand Total: 303 creatures vanquished

Notes
Turn   | Place    | Note
-------+----------+-------------------------------------------
     0 | D:1      | porpoise the Demigod Earth Elementalist began the quest for
                  | the Orb.
     0 | D:1      | Reached XP level 1. HP: 14/14 MP: 5/5
   471 | D:1      | Reached skill level 3 in Earth Magic
   513 | D:1      | Reached XP level 2. HP: 3/20 MP: 3/7
  1537 | D:1      | Reached XP level 3. HP: 16/26 MP: 9/9
  2936 | D:3      | Reached XP level 4. HP: 33/33 MP: 9/11
  3056 | D:3      | Learned a level 3 spell: Stone Arrow
  3076 | D:3      | Reached skill level 4 in Earth Magic
  3509 | D:3      | Noticed Ijyb
  3646 | D:3      | Killed Ijyb
  3844 | D:3      | Reached XP level 5. HP: 32/38 MP: 13/13
  4569 | D:4      | Found a staircase to the Ecumenical Temple.
  4636 | Temple   | Entered the Ecumenical Temple
  5141 | D:4      | Reached XP level 6. HP: 45/45 MP: 11/15
  5145 | D:4      | Reached skill level 5 in Earth Magic
  6014 | D:5      | Entered Level 5 of the Dungeon
  6014 | D:5      | Found Bofoaxao's General Store.
  6118 | D:5      | Reached XP level 7. HP: 50/50 MP: 15/17
  6176 | D:5      | Reached skill level 5 in Spellcasting
  6176 | D:5      | Reached skill level 6 in Earth Magic
  6224 | D:5      | Reached skill level 1 in Conjurations
  6385 | D:5      | Found Tazoalydd's Antique Armour Shop.
  6420 | D:5      | Bought a runed robe for 99 gold pieces
  6756 | D:5      | Reached skill level 7 in Earth Magic
  6788 | D:5      | Learned a level 5 spell: Lee's Rapid Deconstruction
  6798 | D:5      | Reached skill level 1 in Fighting
  6798 | D:5      | Reached XP level 8. HP: 59/59 MP: 15/19
  7229 | D:6      | Identified the +8 hand crossbow of Ocsin {flame, Int+8}
  7563 | D:6      | Reached skill level 5 in Conjurations
  7849 | D:6      | Noticed Duvessa
  7849 | D:6      | Noticed Dowan
  7852 | D:6      | Killed Duvessa
  7856 | D:6      | Killed Dowan
  8418 | D:7      | Reached XP level 9. HP: 72/72 MP: 20/20
  8650 | D:7      | Noticed a komodo dragon
  8657 | D:7      | Reached skill level 5 in Fighting
  8657 | D:7      | Reached skill level 8 in Earth Magic
  9078 | D:7      | Killed a komodo dragon
  9286 | D:7      | Identified the +6 broad axe "Jellyslayer" {vorpal, rElec
                  | rF+}
  9393 | D:7      | Reached skill level 9 in Earth Magic
  9678 | D:7      | Reached skill level 5 in Dodging
 10215 | D:7      | Reached XP level 10. HP: 81/81 MP: 17/21
 10454 | D:8      | Noticed Harold
 10458 | D:8      | Noticed Grum
 10471 | D:7      | Killed Harold
 10472 | D:7      | Reached skill level 1 in Evocations
 11293 | D:8      | Killed Grum
 11399 | D:8      | Noticed Maurice
 11413 | D:8      | Killed Maurice
 11879 | D:7      | Reached skill level 5 in Stealth
 12377 | D:8      | Reached skill level 1 in Armour
 13273 | D:9      | Reached skill level 5 in Evocations
 13479 | D:9      | Noticed a death knight
 13480 | D:9      | Noticed a deep elf pyromancer
 13480 | D:9      | Noticed a centaur warrior
 13499 | D:9      | Killed a centaur warrior
 13500 | D:9      | Reached XP level 11. HP: 21/86 MP: 4/23
 13907 | D:9      | Noticed a deep elf pyromancer
 13911 | D:9      | Killed a deep elf pyromancer
 13994 | D:9      | Noticed a tengu warrior
 14001 | D:9      | Killed a tengu warrior
 14177 | D:9      | Killed a deep elf pyromancer
 14184 | D:9      | Reached skill level 5 in Armour
 14468 | D:9      | Killed a death knight
 14951 | D:9      | Noticed a six-headed hydra
 14960 | D:9      | Killed a six-headed hydra
 15039 | D:9      | Noticed a two-headed ogre
 15045 | D:9      | Killed a two-headed ogre
 15359 | D:10     | Entered Level 10 of the Dungeon
 15428 | D:10     | Found a staircase to the Orcish Mines.
 16485 | D:11     | Found a gate leading to a gauntlet.
 16495 | Gauntlet | Entered a Gauntlet
 16495 | Gauntlet | Found a transporter.
 16501 | Gauntlet | Noticed a fire crab
 16506 | Gauntlet | Found a transporter.
 16517 | Gauntlet | Found a transporter.
 16520 | Gauntlet | Found a transporter.
 16536 | Gauntlet | Found a transporter.
 16550 | Gauntlet | Found a transporter.
 16557 | Gauntlet | Noticed a fire crab
 16560 | Gauntlet | Found a transporter.
 16564 | Gauntlet | Found a transporter.
 16564 | Gauntlet | Found a transporter.
 16574 | Gauntlet | Found a transporter.
 16576 | Gauntlet | Found a transporter.
 16578 | Gauntlet | Found a transporter.
 16628 | Gauntlet | Found a runed translucent door.
 16630 | Gauntlet | Found a transporter.
 16632 | Gauntlet | Found a runed translucent door.
 16633 | Gauntlet | Noticed an orange crystal statue
 16645 | Gauntlet | Found a transporter.
 16762 | Gauntlet | Killed a fire crab
 16763 | Gauntlet | Reached skill level 10 in Earth Magic
 16989 | Gauntlet | Identified the ring "Fehoc" {Drain rN+ AC+4 Int+2}
 17011 | Gauntlet | Reached XP level 12. HP: 63/94 MP: 16/26
 17012 | Gauntlet | HP: 4/94 [redback (3)]
 17015 | Gauntlet | Slain by a redback

Illustrated notes

Levels and vault maps discovered:
D:1:      dpeg_arrival_subterranean_lakeside_camping, layout_basic,
          basic_ecumenical_altar
D:2:      layout_loops_ring
D:3:      kennysheep_goblin_castle, layout_rooms
D:4:      layout_cave_pods, minmay_temple_entry_glass, minmay_misc_feat_tower
D:5:      layout_cave_pools, minitemple, serial_shops, shop,
          kennysheep_mini_moat
D:6:      layout_loops_corners, uniq_duvessa
D:7:      minmay_clustersquares, layout_cave_pools, kennysheep_boxes
D:8:      layout_cave_pools, slow_altar_2, old_standard_altar,
          nicolae_ossuary_entry_plus, uniq_maurice, uniq_grum, uniq_harold
D:9:      layout_long_grid, lemuel_coloured_pillars_altar, minivault_28
D:10:     layout_cave_pools, minmay_orc_entry_temple_small
D:11:     layout_irregular_city, due_lair_maze_entry_diamond,
          gauntlet_entry_generic, minivault_16, chequers_hall_statues_corner_a
Temple:   kb_temple_of_zot
Gauntlet: minmay_gauntlet_77_tree [minmay_gauntlet_arena_77_p_blocks,
          minmay_gauntlet_arena_77_braids,
          minmay_gauntlet_arena_77_terracotta_army,
          minmay_gauntlet_arena_77_shame_cube, minmay_gauntlet_arena_77_mess,
          minmay_gauntlet_arena_77_museum, minmay_gauntlet_arena_77_box,
          nicolae_gauntlet_exit_dead_adventurers]

Skill      XL: |  1  2  3  4  5  6  7  8  9 10 11 |
---------------+----------------------------------+-----
Spellcasting   | 2 3 4 5 7 |  7.0
Earth Magic    | 3 4 5 7 9 10 | 10.7
Conjurations   | 3 5 6 7 |  7.0
Fighting       | 1 4 5 |  5.0
Dodging        | 5 7 |  7.0
Stealth        | 5 |  5.0
Evocations     | 5 |  5.0
Armour         | 4 5 |  5.0
Transmutations | |  0.8

Action                   |  1- 3 |  4- 6 |  7- 9 | 10-12 || total
-------------------------+-------+-------+-------+-------++-------
Melee: Unarmed           |    19 |       |       |       ||    19
       Short sword       |    61 |     8 |       |       ||    69
       Staff             |       |     9 |       |     3 ||    12
 Fire: Hunting sling     |    37 |   100 |    32 |       ||   169
       Hand crossbow     |       |       |    66 |    88 ||   154
 Cast: Sandblast         |    27 |    43 |    60 |    56 ||   186
       Stone Arrow       |       |     2 |    21 |    56 ||    79
       Lee's Rapid Decon |       |       |     9 |    49 ||    58
Evoke: Wand              |       |       |     2 |     1 ||     3
  Use: Potion            |       |     1 |       |     3 ||     4
       Scroll            |       |     7 |     2 |     5 ||    14
 Stab: Sleeping          |     4 |     2 |       |       ||     6
Armor: Robe              |    17 |    11 |     2 |    28 ||    58
Dodge: Dodged            |    52 |    32 |    10 |    93 ||   187

Table legend: (Time is in decaauts)
 A = Elapsed time spent in this place.
 B = Non-inter-level travel time spent in this place.
 C = Inter-level travel time spent in this place.
 D = Time resting spent in this place.
 E = Time spent auto-exploring this place.
 F = Levels seen in this place.
 G = Mean time per level.
                   A        B        C        D        E       F      G
               +--------+--------+--------+--------+--------+-----+--------+
         Total |  17115 |  16741 |    374 |   8411 |   5325 |  13 | 1316.5 |
       Dungeon |  16497 |  16160 |    337 |   8317 |   5244 |  11 | 1499.7 |
        Temple |     96 |     59 |     37 |      0 |     59 |   1 |   96.0 |
      Gauntlet |    521 |    521 |      0 |     94 |     22 |   1 |  521.0 |
               +--------+--------+--------+--------+--------+-----+--------+

Top non-repeatable levels by time:
     D:7: 3747 daAuts
     D:9: 2468 daAuts
     D:1: 1815 daAuts
     D:3: 1781 daAuts
     D:4: 1413 daAuts
     D:6: 1195 daAuts
    D:10: 1133 daAuts
     D:8: 1009 daAuts
     D:2: 966 daAuts
     D:5: 956 daAuts
Gauntlet: 521 daAuts
  Temple: 96 daAuts
    D:11: 9 daAuts
